 Dungeon Crawl Stone Soup version 0.17-a0-1805-g6093636 (webtiles) character file.

75 Kel the Skirmisher (level 4, 0/37 HPs)
             Began as a Formicid Abyssal Knight on Sept 12, 2015.
             Was a Follower of Lugonu.
             Slain by a quokka (3 damage)
             ... on level 2 of the Dungeon.
             The game lasted 00:04:58 (1491 turns).

Kel the Skirmisher (Formicid Abyssal Knight)        Turns: 1491, Time: 00:04:58

Health: 0/37       AC:  3    Str: 17    XL:     4   Next: 55%
Magic:  6/6        EV: 13    Int: 14    God:    Lugonu [*.....]
Gold:   53         SH:  0    Dex: 10    Spells: 0 memorised, 3 levels left

rFire  . . .     SeeInvis +     a - +1 hand axe
rCold  . . .     Clarity  .     b - +0 leather armour
rNeg   . . .     SustAt   .     (no shield)
rPois  .         Gourm    .     (helmet unavailable)
rElec  .         Spirit   .     (no cloak)
rCorr  .         Warding  .     (no gloves)
rMut   .         Stasis   +     (no boots)
MR     .....                    (no amulet)
Stlth  +.........               (no ring)
                                (no ring)

@: not resistant to hostile enchantments, very unstealthy
A: permanent stasis, dig shafts and tunnels, four strong arms, antennae 3,
repulsion field 1, clever 1, MP-powered wands
a: Dig, Shaft Self, Depart the Abyss, Renounce Religion


You were on level 2 of the Dungeon.
You worshipped Lugonu.
Lugonu was aware of your devotion.
You were very hungry.

You visited 1 branch of the dungeon, and saw 2 of its levels.
You visited the Abyss 1 time.

You collected 53 gold pieces.

Inventory:

Hand weapons
 a - a +1 hand axe (weapon)
Armour
 b - a +0 leather armour (worn)
Magical devices
 k - a wand of digging (10)
Scrolls
 e - a scroll of recharging {unknown}
 f - 3 scrolls of identify {unknown}
 h - a scroll of immolation {unknown}
 i - a scroll of enchant armour {unknown}
 j - a scroll of fog {unknown}
Potions
 d - a potion of mutation
Comestibles
 c - 2 bread rations
 g - a meat ration


   Skills:
 + Level 4.0 Fighting
 + Level 2.6 Axes
 + Level 2.6 Armour
 + Level 1.7 Dodging
 + Level 2.8 Invocations


You had 3 spell levels left.
You didn't know any spells.

Dungeon Overview and Level Annotations

Branches:
Dungeon (2/15)

Altars:

Annotations:
D:2 Robin


Innate Abilities, Weirdness & Mutations

You are under a permanent stasis effect.
You can dig through walls and to a lower floor.
Your four strong arms can wield two-handed weapons with a shield.
You have a pair of large antennae on your head (SInv).
You are surrounded by a mild repulsion field (EV +2).
Your mind is acute. (Int +2)
You expend magic power (3 MP) to strengthen your wands.


Message History

You hit the goblin.
You kill the goblin!
Lugonu accepts your kill.
You hit Robin.
Robin is heavily wounded.
You hit the rat.
You kill the rat!
Lugonu accepts your kill.
You hit the quokka but do no damage.
The quokka is severely wounded.
You hit the goblin.
You kill the goblin!
Lugonu accepts your kill.
You hit the goblin.
You kill the goblin!
Lugonu accepts your kill.
You closely miss the goblin.
The goblin is severely wounded.
The quokka bites you.
You die...

+........#.#.......###..
+........#.#.....#.# #+
#........#.......#
#..............
##...###....>..
+...###....###
###..........+
#.....†.)g)...#
#........)@)...#
.[.....#.g)r####
.......#....#
##+#...#....# {
#...#....# #...####.. {
... ...


You could see Robin, a quokka and a goblin.

Vanquished Creatures
  Ijyb (D:2)
  An adder (D:2)
  An ufetubus (Abyss:1)
  4 bats
  11 goblins
  5 hobgoblins
  4 giant newts
  2 kobolds (D:1)
  A quokka (D:2)
  3 rats
33 creatures vanquished.

Notes
Turn   | Place    | Note
--------------------------------------------------------------
     0 | Abyss:1  | Kel the Formicid Abyssal Knight began the quest for the Orb.
     0 | Abyss:1  | Reached XP level 1. HP: 18/18 MP: 2/2
   210 | Abyss:1  | Noticed a smoke demon
   212 | D:1      | Escaped the Abyss
   244 | D:1      | Reached XP level 2. HP: 21/24 MP: 3/3
  1000 | D:1      | Reached skill level 1 in Dodging
  1193 | D:1      | Reached XP level 3. HP: 30/30 MP: 4/4
  1221 | D:2      | Acquired Lugonu's first power
  1262 | D:2      | Noticed Ijyb
  1273 | D:2      | Killed Ijyb
  1273 | D:2      | Reached XP level 4. HP: 24/37 MP: 4/6
  1475 | D:2      | Noticed Robin
  1478 | D:2      | Reached skill level 4 in Fighting
  1486 | D:2      | Gained mutation: Your mind is acute. (Int +2) [potion of mutation]
  1486 | D:2      | Gained mutation: You are surrounded by a mild repulsion field (EV +2). [potion of mutation]
  1486 | D:2      | Gained mutation: You expend magic power (3 MP) to strengthen your wands. [potion of mutation]
  1491 | D:2      | Slain by a quokka

Vault maps used:
D:1:      scummos_arrival_simple_crosswalls, st_stairs_4,
          grunt_decor_mini_mirrors
D:2:      kennysheep_big_empty_room, uniq_iyjb, uniq_robin

Action                   |  1- 3 |  4- 6 || total
-------------------------+-------+-------++-------
Melee: Hand axe          |    68 |    18 ||    86
Invok: Depart the Abyss  |     1 |       ||     1
 Abil: Dig               |     2 |       ||     2
  Use: Potion            |       |     2 ||     2
  Eat: Chunk             |     1 |       ||     1
